 Dungeon Crawl Stone Soup version 0.23.2-33-g5129a83184 (webtiles) character file.

Game seed: 15864026897025048275

80504 TrebMcFLY the Severer (level 15, -3/132 HPs)
             Began as a Minotaur Fighter on July 16, 2019.
             Was the Champion of Okawaru.
             Killed from afar by a starcursed mass (5 damage)
             ... with an accursed screaming
             ... on level 2 of the Abyss.
             The game lasted 01:08:51 (23216 turns).

TrebMcFLY the Severer (Minotaur Fighter)           Turns: 23216, Time: 01:08:51

Health: -3/132     AC: 31    Str: 27    XL:     15   Next: 24%
Magic:  20/20      EV:  8    Int:  8    God:    Okawaru [******]
Gold:   1417       SH: 20    Dex: 14    Spells: 14/14 levels left

rFire    . . .     SeeInvis +   P - +4 broad axe (flame)
rCold    . . .     Gourm    .   T - +0 large shield {AC+3}
rNeg     . . .     Faith    .   G - +2 crystal plate armour of Day {Int+3 Dex+4 Slay+2}
rPois    .         Spirit   .   (helmet restricted)
rElec    .         Reflect  .   g - +0 cloak
rCorr    .         Harm     .   C - +0 pair of gloves
MR       +....                  r - +0 pair of boots {Fly}
Stlth    ..........             V - amulet of the acrobat
HPRegen  0.00/turn              (no ring)
MPRegen  0.17/turn              e - ring of see invisible

@: about to teleport, flying, non-regenerating, mildly diseased
A: retaliatory headbutt, horns 2
a: Heroism, Finesse, Renounce Religion, Stop Flying


You were on level 2 of the Abyss.
You worshipped Okawaru.
Okawaru was exalted by your worship.
You were not hungry.

You visited 3 branches of the dungeon, and saw 21 of its levels.
You visited the Abyss 1 time.
You also visited: Bailey and Ice Cave.

You collected 1417 gold pieces.

Inventory:

Hand Weapons
 h - a +1 executioner's axe of venom
 P - a +4 broad axe of flaming (weapon)
Missiles
 t - 6 javelins of returning
 O - 7 javelins (quivered)
Armour
 g - a +0 cloak (worn)
 r - a +0 pair of boots of flying (worn)
 C - a +0 pair of gloves (worn)
 E - a +1 large shield of cold resistance
 G - the +2 crystal plate armour of Day (worn) {Int+3 Dex+4 Slay+2}
   (Okawaru gifted it to you on level 11 of the Dungeon)

   It affects your intelligence (+3).
   It affects your dexterity (+4).
   It affects your accuracy and damage with ranged weapons and melee attacks
   (+2).
 N - a +0 plate armour
 T - a +0 large shield of protection (worn)
Jewellery
 e - a ring of see invisible (right hand)
 q - an uncursed ring of protection from fire
 y - an uncursed ring of poison resistance
 K - a +3 ring of strength
 Q - a +1 ring of evasion
 V - an amulet of the acrobat (around neck)
 X - an uncursed amulet of the gourmand {unknown}
Wands
 v - a wand of digging (7)
 w - a wand of acid (8)
 H - a wand of enslavement (7)
 J - a wand of flame (52)
 L - a wand of paralysis (33)
 M - a wand of random effects (28)
 W - a wand of disintegration (16)
Scrolls
 a - 3 scrolls of torment {unknown}
 b - 2 scrolls of immolation
 k - 4 scrolls of remove curse
 n - 2 scrolls of enchant armour
 o - a scroll of blinking
 s - 4 scrolls of fear
 x - 3 scrolls of identify
 D - 6 scrolls of enchant weapon
 F - 7 scrolls of teleportation
 R - 2 scrolls of magic mapping
Potions
 d - 6 potions of might
 i - 6 potions of haste
 j - 5 potions of heal wounds
 l - 2 potions of resistance
 m - 8 potions of flight
 p - 3 potions of mutation
 u - 3 potions of lignification
 z - 11 potions of curing
 A - 2 potions of magic
 B - 3 potions of agility
 I - 3 potions of brilliance
 S - a potion of berserk rage {unknown}
 U - 4 potions of invisibility
Comestibles
 f - 37 rations


   Skills:
 + Level 12.0 Fighting
 * Level 15.7 Axes
 + Level 7.2 Throwing
 + Level 11.9 Armour
 + Level 10.6 Dodging
 + Level 12.0 Shields
 + Level 9.0 Invocations
 + Level 8.2 Evocations


You had 14 spell levels left.
You didn't know any spells.
Your spell library contained the following spells:

 Spells                   Type           Power        Failure   Level  Hunger
 Animate Skeleton         Necr           N/A          100%        1    ##.....
 Apportation              Tloc           #.....       100%        1    ##.....
 Beastly Appendage        Tmut           #.....       100%        1    ##.....
 Confusing Touch          Hex            #.....       100%        1    ##.....
 Corona                   Hex            #......      100%        1    ##.....
 Flame Tongue             Conj/Fire      #....        100%        1    ##.....
 Summon Small Mammal      Summ           #...         100%        1    ##.....
 Slow                     Hex            #.......     100%        2    ###....
 Sticks to Snakes         Tmut           #.......     100%        2    ###....
 Throw Flame              Conj/Fire      #.....       100%        2    ###....
 Conjure Flame            Conj/Fire      #.......     100%        3    ####...
 Ignite Poison            Fire/Tmut/Pois #.......     100%        3    ####...
 Inner Flame              Hex/Fire       #.......     100%        3    ####...
 Portal Projectile        Hex/Tloc       #.....       100%        3    ####...
 Spider Form              Tmut/Pois      #.........   100%        3    ####...
 Cause Fear               Hex            #.........   100%        4    #####..
 Ice Form                 Ice/Tmut       #.......     100%        4    #####..
 Leda's Liquefaction      Hex/Erth       #.........   100%        4    #####..
 Sticky Flame             Conj/Fire      #.......     100%        4    #####..
 Blade Hands              Tmut           #.........   100%        5    ######.
 Bolt of Magma            Conj/Fire/Erth #.........   100%        5    ######.
 Fireball                 Conj/Fire      #.........   100%        5    ######.
 Irradiate                Conj/Tmut      #.........   100%        5    ######.
 Hydra Form               Tmut           #.........   100%        6    #######
 Statue Form              Tmut/Erth      #........    100%        6    #######
 Dragon Form              Tmut           #.........   100%        7    #######


Dungeon Overview and Level Annotations

Branches:
Dungeon (14/15)            Temple (1/1) D:4            Lair (6/6) D:10
 Shoals (0/4) Lair:3        Snake (0/4) Lair:3        Slime (0/5) Lair:6
    Orc (0/2) D:10         Vaults (0/5) D:13

Altars:
Ashenzari
Cheibriados
Dithmenos
Elyvilon
Fedhas
Gozag
Hepliaklqana
Kikubaaqudgha
Makhleb
Nemelex Xobeh
Okawaru
Qazlal
Ru
Sif Muna
Trog
Uskayaw
Vehumet
Wu Jian
Xom
Yredelemnul
Zin
The Shining One

Shops:
D:7 =

Annotations:
D:14 Louise
Lair:1 exclusion: 2 oklob plants


Innate Abilities, Weirdness & Mutations

You reflexively headbutt those who attack you in melee.
You have a pair of horns on your head.


Message History

The smoke demon gestures at you. The ball of steam misses you.
You are engulfed in a cloud of scalding steam.
You are engulfed in a cloud of scalding steam.
A chorus of shrieks assaults your mind.
* * * LOW HITPOINT WARNING * * *
The smoke demon gestures at you. Something smites you!
* * * LOW HITPOINT WARNING * * *
Really fly into that cloud of steam? [Y]es or [N]o only, please.
Really fly into that cloud of steam? [Y]es or [N]o only, please.
Really fly into that cloud of steam?
Okay, then.
As you read the scroll of teleportation, it crumbles to dust.
You feel strangely unstable.
You feel the power of the Abyss delaying your translocation!
The starcursed mass shrieks in your mind.
You die...

........3X....x[..
.#....ยง .....#..
. .X.## ...# #. #.
##x## # .## # ...
##.3.## ...#
....#.....#x....#
.................
..#.....#.....#.
.. ###.@.###...#
..#.....#.....#.
................
..#.....#.....#. .
##...###...## .###
##.# .# #. #.


You could see a starcursed mass, an ancient zyme, a smoke demon and a small
abomination.

Vanquished Creatures
  Rupert (Lair:5)
  A tentacled starspawn (Abyss:2)
  A frost giant (IceCv)
  Nessos (Lair:5)
  2 dire elephants (Lair:6)
  3 vault guards (D:13)
  9 hydras
  An anaconda (Lair:6)
  2 centaur warriors
  6 two-headed ogres
  5 death yaks (Lair:5)
  2 thrashing horrors (Abyss:2)
  3 skeletal warriors (D:11)
  2 unseen horrors
  A lindwurm (Lair:1)
  2 cyclopes
  2 slime creatures (D:11)
  13 elephants
  5 black mambas
  9 spiny frogs
  A gargoyle (D:12)
  3 rime drakes
  A kobold demonologist (D:12)
  6 komodo dragons
  An efreet (D:14)
  A queen bee (D:10)
  2 trolls
  15 blink frogs
  Prince Ribbit (D:5)
  20 polar bears
  9 hippogriffs
  Sigmund (D:4)
  2 ynoxinuls (Abyss:2)
  3 wraiths
  A vampire (D:11)
  55 yaks
  A tarantella (shapeshifter) (D:14)
  2 wyverns (D:11)
  A fire bat (Abyss:2)
  9 humans (D:13)
  3 basilisks
  A large abomination (Abyss:2)
  3 nagas (Lair:3)
  12 water moccasins
  10 porcupines
  16 orc warriors
  4 ice beasts
  4 black bears
  5 sky beasts
  An eye of draining (D:10)
  A hornet zombie (D:7)
  3 phantoms
  5 ogres
  3 wolves (IceCv)
  19 centaurs
  12 crocodiles
  2 big kobolds
  22 bullfrogs
  2 gnoll sergeants
  2 wyvern zombies
  A wyvern skeleton (D:8)
  A water moccasin skeleton (D:7)
  A scorpion (D:11)
  23 killer bees
  12 wights
  6 howler monkeys
  An electric eel (Lair:2)
  5 crimson imps
  3 quasits
  4 bullfrog skeletons
  4 bullfrog zombies
  7 centaur zombies
  A gnoll shaman (D:4)
  13 orc priests
  6 centaur skeletons
  2 hounds
  8 jellies
  An iron imp (Abyss:2)
  Jessica (D:3)
  15 orc wizards
  Ijyb (D:3)
  Terence (D:3)
  2 small abominations (Abyss:2)
  6 iguanas
  13 worker ants
  A hound zombie (D:6)
  4 hound skeletons
  2 worker ant zombies
  17 gnolls
  21 adders
  4 shadow imps
  A white imp (Abyss:2)
  3 worms
  3 dart slugs
  5 leopard geckos
  89 orcs
  4 giant cockroaches
  9 goblins
  7 hobgoblins
  8 jackals
  19 kobolds
  A quokka (D:8)
  2 ball pythons
  7 bats
  5 frilled lizards
  A giant cockroach zombie (D:5)
  2 jackal skeletons
  A leopard gecko skeleton (D:6)
  2 quokka skeletons
  9 rats
  5 fungi
  6 plants
  2 starspawn tentacles (Abyss:2)
714 creatures vanquished.

Vanquished Creatures (others)
  An orc (D:14)
  5 fungi
  A lurking horror (Abyss:2)
  5 plants
  4 starspawn tentacles (Abyss:2)
16 creatures vanquished.

Grand Total: 730 creatures vanquished

Notes
Turn   | Place    | Note
-------+----------+-------------------------------------------
     0 | D:1      | TrebMcFLY the Minotaur Fighter began the quest for the Orb.
     0 | D:1      | Reached XP level 1. HP: 19/19 MP: 0/0
   125 | D:1      | Reached XP level 2. HP: 23/27 MP: 1/1
   402 | D:1      | Reached skill level 3 in Axes
   570 | D:1      | Reached skill level 1 in Dodging
   966 | D:2      | Reached XP level 3. HP: 33/33 MP: 2/2
  1040 | D:2      | Found a white marble altar of Elyvilon.
  1041 | D:2      | Found a hide-covered altar of Uskayaw.
  1042 | D:2      | Found a sparkling altar of Nemelex Xobeh.
  1298 | D:2      | Reached XP level 4. HP: 40/40 MP: 3/3
  1455 | D:2      | Found an ornate altar of the Wu Jian Council.
  1605 | D:3      | Reached skill level 4 in Axes
  1688 | D:3      | Reached XP level 5. HP: 38/46 MP: 4/4
  1710 | D:3      | Noticed Jessica
  1716 | D:3      | Killed Jessica
  1815 | D:3      | Found a basalt altar of Yredelemnul.
  1820 | D:3      | Found a shattered altar of Ashenzari.
  2011 | D:3      | Noticed Ijyb
  2026 | D:3      | Killed Ijyb
  2059 | D:3      | Noticed Terence
  2068 | D:3      | Killed Terence
  2486 | D:4      | Reached XP level 6. HP: 44/53 MP: 5/5
  2502 | D:4      | Reached skill level 5 in Axes
  2664 | D:4      | Reached skill level 5 in Shields
  2749 | D:4      | Noticed Sigmund
  2770 | D:4      | Killed Sigmund
  2770 | D:4      | Reached skill level 5 in Fighting
  2770 | D:4      | Reached skill level 5 in Armour
  2770 | D:4      | Reached XP level 7. HP: 24/61 MP: 6/6
  3009 | D:4      | Identified Sif Muna's Compendium of Fire
  3181 | D:4      | Found a staircase to the Ecumenical Temple.
  3192 | Temple   | Entered the Ecumenical Temple
  3392 | Temple   | Became a worshipper of Warmaster Okawaru
  3517 | D:4      | Reached skill level 6 in Axes
  3858 | D:5      | Entered Level 5 of the Dungeon
  4085 | D:5      | Found a bloodstained altar of Trog.
  4236 | D:5      | Noticed Prince Ribbit
  4249 | D:5      | Killed Prince Ribbit
  4479 | D:5      | Reached * piety under Okawaru
  4479 | D:5      | Reached XP level 8. HP: 66/70 MP: 7/7
  4656 | D:6      | Reached skill level 7 in Axes
  4752 | D:6      | Reached skill level 1 in Invocations
  4823 | D:6      | Reached skill level 1 in Evocations
  5402 | D:6      | Reached ** piety under Okawaru
  5798 | D:7      | Reached skill level 8 in Axes
  5830 | D:7      | Reached XP level 9. HP: 68/78 MP: 9/9
  5860 | D:6      | Reached skill level 5 in Dodging
  6131 | D:7      | Reached *** piety under Okawaru
  6703 | D:7      | Reached skill level 9 in Axes
  6817 | D:7      | Found Curiluun's Jewellery Boutique.
  7016 | D:7      | Found a shadowy altar of Dithmenos.
  7207 | D:8      | Reached XP level 10. HP: 69/86 MP: 11/11
  7229 | D:8      | Reached **** piety under Okawaru
  7369 | D:8      | Found a hazy altar of Hepliaklqana.
  7370 | D:8      | Found a shimmering altar of Xom.
  7433 | D:8      | Noticed a two-headed ogre
  7656 | D:9      | Noticed a two-headed ogre
  7656 | D:9      | Noticed a two-headed ogre
  7677 | D:8      | Killed a two-headed ogre
  7677 | D:8      | Reached skill level 10 in Axes
  8198 | D:9      | Killed a two-headed ogre
  8279 | D:9      | Reached ***** piety under Okawaru
  8699 | D:9      | Killed a two-headed ogre
  8876 | D:9      | Found a snail-covered altar of Cheibriados.
  8943 | D:9      | Reached XP level 11. HP: 82/95 MP: 13/13
  9144 | D:10     | Entered Level 10 of the Dungeon
  9168 | D:10     | Reached skill level 11 in Axes
  9204 | D:10     | Found a flagged portal.
  9214 | D:10     | Noticed a two-headed ogre
  9226 | D:10     | Killed a two-headed ogre
  9226 | D:10     | Reached skill level 5 in Invocations
  9242 | Bailey   | Entered a bailey
  9687 | Bailey   | Received a gift from Okawaru
 10175 | D:10     | Identified a scroll of acquirement
 10243 | D:10     | Reached skill level 1 in Throwing
 10432 | D:10     | Received a gift from Okawaru
 10444 | D:10     | Reached skill level 5 in Evocations
 10909 | D:10     | Found a staircase to the Lair.
 11110 | D:10     | Found a staircase to the Orcish Mines.
 11339 | D:11     | Noticed a six-headed hydra
 11385 | Lair:1   | Entered Level 1 of the Lair of Beasts
 11494 | Lair:1   | Noticed a lindwurm
 11516 | Lair:1   | Killed a lindwurm
 11520 | Lair:1   | Reached skill level 12 in Axes
 11595 | Lair:1   | Reached XP level 12. HP: 91/104 MP: 15/15
 11633 | Lair:1   | Received a gift from Okawaru
 11666 | Lair:1   | Got a twisted hand axe {god gift}
 11973 | Lair:1   | Identified the +1 hand axe "Killer Bee's Doom" {speed,
                  | *Slow MR+ Str+4} (Okawaru gifted it to you on level 1 of
                  | the Lair of Beasts)
 12493 | Lair:1   | Noticed a four-headed hydra
 12500 | Lair:1   | Killed a four-headed hydra
 12927 | Lair:1   | Reached ****** piety under Okawaru
 13374 | Lair:2   | Found a radiant altar of Vehumet.
 13480 | Lair:2   | Received a gift from Okawaru
 13790 | Lair:2   | Noticed a four-headed hydra
 13800 | Lair:2   | Killed a four-headed hydra
 13800 | Lair:2   | Reached skill level 10 in Shields
 14425 | Lair:3   | Reached skill level 13 in Axes
 14455 | Lair:3   | Reached skill level 10 in Fighting
 14462 | Lair:3   | Reached skill level 10 in Armour
 14499 | Lair:3   | Found a frozen archway.
 14508 | IceCv    | Entered an ice cave
 14587 | IceCv    | Received a gift from Okawaru
 14866 | IceCv    | Reached XP level 13. HP: 98/113 MP: 17/17
 14951 | IceCv    | Noticed a frost giant
 14980 | IceCv    | Killed a frost giant
 15783 | Lair:3   | Found a staircase to the Snake Pit.
 15849 | Lair:3   | Received a gift from Okawaru
 15864 | Lair:3   | Reached skill level 5 in Throwing
 16197 | Lair:3   | Found a staircase to the Shoals.
 17096 | Lair:4   | You are sucked into a shaft for 2 floors!
 17096 | Lair:6   | Entered Level 6 of the Lair of Beasts
 17231 | Lair:6   | Reached skill level 14 in Axes
 17247 | Lair:5   | Received a gift from Okawaru
 17379 | Lair:6   | Received a gift from Okawaru
 17966 | Lair:5   | Noticed Rupert
 17989 | Lair:5   | Killed Rupert
 17989 | Lair:5   | Reached XP level 14. HP: 124/124 MP: 14/18
 18180 | Lair:5   | Noticed Nessos
 18518 | Lair:5   | Killed Nessos
 18755 | Lair:4   | You are sucked into a shaft for 2 floors!
 18922 | Lair:6   | Found a staircase to the Slime Pits.
 19003 | Lair:6   | Received a gift from Okawaru
 19967 | Lair:6   | Reached skill level 10 in Dodging
 20397 | D:11     | Received a gift from Okawaru
 20400 | D:11     | Got a smoking crystal plate armour {god gift}
 20411 | D:11     | Identified the +2 crystal plate armour of Day {Int+3 Dex+4
                  | Slay+2} (Okawaru gifted it to you on level 11 of the
                  | Dungeon)
 20503 | D:11     | Reached skill level 15 in Axes
 21716 | D:13     | Found a gate to the Vaults.
 21894 | D:13     | Received a gift from Okawaru
 21894 | D:13     | Reached XP level 15. HP: 125/132 MP: 20/20
 22990 | D:14     | Noticed Louise
 23003 | D:14     | Cast into level 2 of the Abyss (Louise)
 23061 | Abyss:2  | Noticed a tentacled starspawn
 23084 | Abyss:2  | Killed a tentacled starspawn
 23194 | Abyss:2  | Paralysed by accursed screaming for 1 turns
 23211 | Abyss:2  | HP: 2/132 [smoke demon/divine providence (14)]
 23216 | Abyss:2  | Killed from afar by a starcursed mass

Skill      XL: |  1  2  3  4  5  6  7  8  9 10 11 12 13 14 15 |
---------------+----------------------------------------------+-----
Axes           | 3 4 5 6 8 9 10 12 13 14 15 | 15.7
Dodging        | 1 2 3 4 5 6 7 8 9 10 | 10.6
Fighting       | 4 5 6 7 8 9 10 11 12 | 12.0
Shields        | 4 5 6 7 8 9 10 11 12 | 12.0
Armour         | 4 5 6 7 8 9 10 11 | 11.9
Invocations    | 2 3 4 5 6 7 8 9 |  9.0
Evocations     | 1 3 4 5 6 7 8 |  8.2
Throwing       | 2 4 5 6 7 |  7.2

Action                   |  1- 3 |  4- 6 |  7- 9 | 10-12 | 13-15 || total
-------------------------+-------+-------+-------+-------+-------++-------
Melee: War axe           |    97 |   175 |   473 |   777 |   153 ||  1675
       Headbutt          |    12 |    31 |    63 |   175 |   247 ||   528
       Morningstar       |       |       |       |    30 |   110 ||   140
       Broad axe         |       |       |       |       |   619 ||   619
Throw: Javelin           |       |       |       |    33 |       ||    33
Invok: Heroism           |       |       |     2 |    19 |     6 ||    27
       Finesse           |       |       |       |     2 |     2 ||     4
Evoke: Wand              |       |       |       |       |     1 ||     1
  Use: Scroll            |       |       |     6 |    17 |    11 ||    34
  Eat: Chunk             |     1 |     5 |    15 |    26 |    26 ||    73
       Ration            |       |       |       |       |     1 ||     1
Armor: Scale mail        |    25 |       |       |       |       ||    25
       Chain mail        |    14 |    97 |   244 |   115 |       ||   470
       Plate armour      |       |       |       |   278 |   242 ||   520
       Crystal plate arm |       |       |       |       |   120 ||   120
Dodge: Dodged            |    36 |    39 |   170 |   313 |   249 ||   807
Block: Shield            |    63 |    85 |   253 |   615 |    63 ||  1079
       Large shield      |       |       |       |       |   788 ||   788
